 Dungeon Crawl Stone Soup version 0.29.1-1-gd02db6906a (webtiles) character file.

Game seed: 5284796727159810631

135 GeoRichter the Sneak (level 4, -2/49 HPs)
             Began as a Demonspawn Brigand on Oct 17, 2022.
             Slain by a river rat (5 damage)
             ... in a sewer.
             The game lasted 00:06:01 (3188 turns).

GeoRichter the Sneak (Demonspawn Brigand)           Turns: 3188, Time: 00:06:02

Health: -2/49      AC: 22    Str: 12    XL:     4   Next: 97%
Magic:  4/4        EV:  2    Int: 12    God:
Gold:   115        SH:  3    Dex: 16    Spells: 3/3 levels left

rFire   . . .      SeeInvis .   l - +2 dagger (elec)
rCold   . . .      Faith    .   f - +0 buckler
rNeg    . . .      Spirit   .   (body armour currently unavailable)
rPois   +          Reflect  .   (helmet currently unavailable)
rElec   .          Harm     .   (cloak currently unavailable)
rCorr   .          Rampage  .   (gloves currently unavailable)
Will    .....      NoTele   +   (boots currently unavailable)
Stlth   +++.......              (no amulet)
HPRegen 0.16/turn               (no ring)
MPRegen 0.09/turn               (no ring)

@: mighty, tree-form, invisible
A: stationary, stasis, torment immunity, boosted hp, (hooves 1), ignite blood 2,
(cold resistance 1), mutation resistance 1
a: no special abilities


You were in a sewer.
You were a tree.
You visited 1 branch of the dungeon, and saw 5 of its levels.
You also visited: Sewer.

You collected 115 gold pieces.

Inventory:

Hand Weapons
 a - a +2 dagger
 l - a +2 dagger of electrocution (weapon)
   (You took it off a kobold on level 1 of the Dungeon)
Missiles
 d - 8 poisoned darts (quivered)
 e - 3 curare-tipped darts {!f}
 i - 2 javelins
Armour
 b - a +0 robe (melded)
 c - a +0 cloak (melded)
 f - a +0 buckler (worn)
   (You found it on level 1 of the Dungeon)
 j - an orb of light
   (You found it on level 1 of the Dungeon)
 m - a +0 pair of gloves (melded)
   (You found it on level 1 of the Dungeon)
Scrolls
 g - a scroll of silence {unknown}
 k - 3 scrolls of teleportation {unknown}
 n - 2 scrolls of noise {!r}
 o - 5 scrolls of identify {unknown}
 q - 2 scrolls of acquirement {unknown}
 r - a scroll of brand weapon {unknown}
 u - a scroll of amnesia {unknown}
 x - a scroll of enchant weapon {unknown}
Potions
 h - a potion of resistance {unknown}
 p - 2 potions of might
 s - a potion of invisibility
 t - 6 potions of flight
 v - a potion of cancellation {unknown}
 z - 3 potions of degeneration {!q}


   Skills:
 - Level 2.0 Fighting
 * Level 4.0 Short Blades
 - Level 1.7 Throwing
 - Level 0.8 Dodging
 + Level 4.5 Stealth


You had 3 spell levels left.
You didn't know any spells.
Your spell library was empty.

Dungeon Overview and Level Annotations

Branches:
Dungeon (5/15) Zot: 26758   Sewer (1/1) Zot: 5354
 Temple: D:4-7

Altars:
Fedhas


Innate Abilities, Weirdness & Mutations

You are a tree.
Your roots penetrate the ground, keeping you stationary.
You cannot be teleported.
You are immune to unholy pain and torment.
Your maximum health is greatly increased.
Your equipment is partially melded.
((You have large cloven feet.))
Your demonic aura often causes spilled blood to erupt in flames.
((Your flesh is cold resistant. (rC+)))
You are somewhat resistant to further mutation.


Message History

The river rat attacks as you move away! The river rat bites you!
The river rat attacks as you move away! The river rat closely misses you.
The river rat attacks as you move away! The river rat closely misses you.
There is a large open door here.
You completely miss the river rat. Your kick misses the river rat.
The river rat barely misses you.
You hit the river rat but do no damage. You hit the river rat but do no damage.
The river rat bites you.
You hit the river rat. The river rat barely misses you.
You completely miss the river rat. Your kick misses the river rat.
You block the river rat's attack.
You hit the river rat. The river rat bites you.
You block the river rat's attack.
You completely miss the river rat. Your kick misses the river rat.
The river rat closely misses you. The river rat bites you.
You closely miss the river rat.
You kick the river rat, but do no damage.
The river rat bites you but does no damage.
The river rat bites you!
* * * LOW HITPOINT WARNING * * *
You closely miss the river rat. You kick the river rat.
The river rat bites you!
* * * LOW HITPOINT WARNING * * *
The river rat bites you.
* * * LOW HITPOINT WARNING * * *
It was a potion of lignification.
You turn into a tree.
Your +0 cloak melds into your body.
Your +0 pair of gloves melds into your body.
Your +0 robe melds into your body.
Your roots penetrate the ground.
The river rat bites you but does no damage. x2
You hit the river rat but do no damage. You block the river rat's attack.
The river rat completely misses you.
You barely miss the river rat.
It was a potion of invisibility.
You fade into invisibility!
The river rat completely misses you.
The river rat bites you but does no damage.
It was a potion of might.
You feel very mighty all of a sudden.
The river rat bites you but does no damage. x2
You puncture the river rat!
You kill the river rat!
The river rat bites you.
* * * LOW HITPOINT WARNING * * *
Your Short Blades skill increases to level 4!
It was a potion of mutation.
You feel extremely strange.
You feel resistant to cold.
You feel genetically stable.
The river rat bites you but does no damage.
The river rat bites you.
You die...

#~≈.####..###
#~≈~##.#..#.#
#~≈.##.'..'.#
#~≈~##.'..'.#
#~≈~##.#.r#r#
#~≈~####..###
#~≈~# #.r#
#~≈~####..###
#~≈~##.#..#♣#
#.≈~##†'..rr#
#.≈~##.'..'.#
#†≈.##.#..#.#
#~≈.####..###
#~≈~# #~.# #~≈.#
#~~#
#~≈~####~~####~≈
#~≈~~~~~~~~~~~~~


You could see 2 river rats.

Vanquished Creatures
  7 adders
  A river rat (Sewer)
  A worm (D:2)
  A dart slug (D:2)
  3 endoplasms
  4 giant cockroaches
  3 hobgoblins
  5 jackals
  5 kobolds
  3 quokkas
  11 ball pythons
  4 bats
  3 frilled lizards
  2 goblins
  8 rats
61 creatures vanquished.

Notes
Turn   | Place    | Note
-------+----------+-------------------------------------------
     0 | D:1      | GeoRichter the Demonspawn Brigand began the quest for the
                  | Orb.
     0 | D:1      | Reached XP level 1. HP: 16/16 MP: 1/1
   231 | D:1      | Gained mutation: Your demonic aura sometimes causes spilled
                  | blood to erupt in flames. [demonic ancestry]
   231 | D:1      | Reached XP level 2. HP: 18/22 MP: 2/2
  1129 | D:2      | Found a blossoming altar of Fedhas.
  1239 | D:2      | Discovered your monstrous ancestry.
  1239 | D:2      | Gained mutation: You have large cloven feet. [demonic
                  | ancestry]
  1239 | D:2      | Reached XP level 3. HP: 27/27 MP: 3/3
  1351 | D:2      | Found a faded altar of an unknown god.
  2322 | D:4      | Noticed an ogre
  2341 | D:4      | Gained mutation: Your demonic aura often causes spilled
                  | blood to erupt in flames. [demonic ancestry]
  2341 | D:4      | Reached XP level 4. HP: 8/33 MP: 4/4
  2343 | D:4      | Noticed a centaur
  2345 | D:5      | Entered Level 5 of the Dungeon
  2573 | D:5      | Found a glowing drain.
  2581 | D:5      | Noticed an ogre
  2581 | D:5      | Noticed an ogre
  2585 | Sewer    | Entered a sewer
  3188 | Sewer    | Gained mutation: Your flesh is cold resistant. (rC+)
                  | [potion of mutation]
  3188 | Sewer    | Gained mutation: You are somewhat resistant to further
                  | mutation. [potion of mutation]
  3188 | Sewer    | Slain by a river rat

Illustrated notes

Levels and vault maps discovered:
D:1:      wheals_arrival_shading, layout_loops_ring, minmay_tetromino_i2
D:2:      kennysheep_big_flooded_room, layout_basic,
          shapermc_ecumenical_altar_totnotflames, basic_altar
D:3:      layout_loops_ring
D:4:      layout_basic, grunt_ministairs_15
D:5:      layout_basic, cheibrodos_sewer_entry_drain, kb_lookout_dungeons_type,
          uniq_duvessa
Sewer:    sewer_fruit_machine

Skill      XL: |  1  2  3  4 |
---------------+-------------+-----
Short Blades   | 2 3 4 |  4.0
Stealth        | 4 |  4.5
Fighting       | |  2.0
Throwing       | |  1.7
Dodging        | |  0.8

Action                   |  1- 3 |  4- 6 || total
-------------------------+-------+-------++-------
Melee: Dagger            |    86 |    65 ||   151
       Kick              |     5 |    12 ||    17
Throw: Dart              |     7 |       ||     7
  Use: Potion            |       |     4 ||     4
 Stab: Sleeping          |    12 |     3 ||    15
Armor: Robe              |    14 |    28 ||    42
       Skin              |       |     6 ||     6
Dodge: Dodged            |    27 |    54 ||    81
Block: Buckler           |     8 |    11 ||    19
